 Dungeon Crawl Stone Soup version 0.24-a0-446-g87df7205b4 (webtiles) character file.

Game seed: 4752799384243865523

71181 theanonym the Brawler (level 14, -1/126 HPs)
             Began as a Yellow Draconian Transmuter on June 23, 2019.
             Was the Champion of Cheibriados.
             Shot with an arrow by a centaur warrior (14 damage)
             ... on level 13 of the Dungeon.
             The game lasted 00:55:31 (23715 turns).

theanonym the Brawler (DrTm)                       Turns: 23715, Time: 00:55:31

Health: -1/126     AC: 17    Str: 34    XL:     14   Next: 96%
Magic:  6/21       EV: 20    Int: 40    God:    Cheibriados [******]
Gold:   1957       SH:  2    Dex: 22    Spells: 4/23 levels left

rFire    . . .     SeeInvis .     - Unarmed
rCold    . . .     Gourm    .   (shield currently unavailable)
rNeg     . . .     Faith    .   (armour unavailable)
rPois    .         Spirit   .   (helmet restricted)
rElec    .         Reflect  +   E - +2 cloak
rCorr    +         Harm     .   (gloves currently unavailable)
MR       +....                  s - +0 pair of boots "Febem" {rCorr Str+7 Int+3 Dex-4}
Stlth    ++........             k - +2 amulet of reflection
HPRegen  0.00/turn              g - +5 ring of protection
MPRegen  0.17/turn              r - ring of wizardry

@: short of breath, blade hands, very slow
A: spit acid, unfitting armour, horns 1, clever 1, inhibited regeneration, wild
magic 1, acidic bite, cold-blooded, acid resistance, AC +8
a: Breathe Acid, End Transformation, Bend Time, Temporal Distortion, Slouch,
Step From Time, Renounce Religion


Innate Abilities, Weirdness & Mutations

You can spit globs of acid.
Your golden yellow scales are hard. (AC +8)
You cannot fit into any form of body armour.
You have acidic saliva.
You are cold-blooded and may be slowed by cold attacks.
You are resistant to acid. (rCorr)
You have a pair of small horns on your head.
Your mind is acute. (Int +2)
You do not regenerate when monsters are visible.
Your spells are a little harder to cast, but a little more powerful.


   Skills:
 + Level 12.1 Fighting
 + Level 8.4 Dodging
 * Level 16.3 Unarmed Combat
 - Level 5.0 Spellcasting
 - Level 1.1 Conjurations
 - Level 3.1 Charms
 - Level 11.4 Transmutations
 - Level 5.1 Ice Magic
 - Level 1.2 Air Magic
 - Level 1.2 Poison Magic
 + Level 6.8 Invocations


You had 4 spell levels left.
You knew the following spells:

 Your Spells              Type           Power        Failure   Level  Hunger
a - Blade Hands           Tmut           #######...   8%          5    ####...
b - Ice Form              Ice/Tmut       #######.     9%          4    ##.....
c - Sticks to Snakes      Tmut           #######.     3%          2    None
d - Mephitic Cloud        Conj/Pois/Air  ####....     19%         3    None
e - Passwall              Tmut/Erth      ######..     6%          2    None
g - Ozocubu's Armour      Chrm/Ice       ######..     11%         3    None

Your spell library contained the following spells:

 Spells                   Type           Power        Failure   Level  Hunger
 Beastly Appendage        Tmut           ######       3%          1    None
 Freeze                   Ice            ####         6%          1    None
 Spider Form              Tmut/Pois      ######....   8%          3    None
 Throw Frost              Conj/Ice       #####.       10%         2    None
 Flame Tongue             Conj/Fire      ###..        12%         1    None
 Magic Dart               Conj           ####         12%         1    None
 Poisonous Vapours        Pois/Air       ####..       13%         2    None
 Searing Ray              Conj           ####..       13%         2    None
 Petrify                  Tmut/Erth      ######..     13%         4    ##.....
 Sandblast                Erth           ##....       14%         1    None
 Summon Small Mammal      Summ           ##..         14%         1    None
 Call Imp                 Summ           ##......     16%         2    None
 Throw Flame              Conj/Fire      ###...       16%         2    None
 Conjure Flame            Conj/Fire      ###.....     21%         3    None
 Dazzling Spray           Conj/Hex       ###...       21%         3    None
 Stone Arrow              Conj/Erth      ###...       21%         3    None
 Call Canine Familiar     Summ           ##......     24%         3    None
 Inner Flame              Hex/Fire       ##......     24%         3    None
 Summon Guardian Golem    Hex/Summ       ##......     24%         3    None
 Throw Icicle             Conj/Ice       #####...     24%         4    ##.....
 Summon Ice Beast         Ice/Summ       #####...     26%         4    ##.....
 Iskenderun's Mystic Bla  Conj           ####....     36%         4    ##.....
 Summon Lightning Spire   Summ/Air       ###.....     38%         4    ##.....
 Force Lance              Conj/Tloc      ###.....     41%         4    ##.....
 Fulminant Prism          Conj/Hex       ###.......   41%         4    ##.....
 Sticky Flame             Conj/Fire      ###.....     41%         4    ##.....
 Iskenderun's Battlesphe  Conj/Chrm      #####...     50%         5    ####...
 Venom Bolt               Conj/Pois      ####......   58%         5    ####...
 Bolt of Magma            Conj/Fire/Erth ###.......   65%         5    ####...
 Fireball                 Conj/Fire      ###.......   65%         5    ####...
 Lee's Rapid Deconstruct  Erth           ##........   71%         5    ####...
 Freezing Cloud           Conj/Ice/Air   #####.....   86%         6    ######.
 Iron Shot                Conj/Erth      ###.......   97%         6    ######.
 Orb of Destruction       Conj           ####......   100%        7    #######
 Ring of Flames           Chrm/Fire      ####......   100%        7    #######
 Spellforged Servitor     Conj/Summ      ###.......   100%        7    #######

Skill      XL: |  1  2  3  4  5  6  7  8  9 10 11 12 13 14 |
---------------+-------------------------------------------+-----
Transmutations | 3 4 5 7 9 10 11 | 11.4
Unarmed Combat | 4 5 6 8 9 11 12 13 15 16 | 16.3
Ice Magic      | 1 2 4 5 |  5.1
Fighting       | 3 6 8 9 11 12 | 12.1
Charms         | 3 |  3.1
Spellcasting   | 4 5 |  5.0
Dodging        | 2 5 6 8 |  8.4
Conjurations   | 1 |  1.1
Air Magic      | 1 |  1.2
Poison Magic   | 1 |  1.2
Invocations    | 3 6 |  6.8

Action                   |  1- 3 |  4- 6 |  7- 9 | 10-12 | 13-15 || total
-------------------------+-------+-------+-------+-------+-------++-------
Melee: Unarmed           |   155 |   193 |   345 |   494 |   462 ||  1649
       Tailslap          |    11 |    22 |    24 |    26 |    71 ||   154
       Kick              |     6 |     2 |       |       |       ||     8
       Headbutt          |     3 |     4 |       |    14 |   114 ||   135
       Punch             |     1 |     3 |     3 |     4 |    35 ||    46
       Whip              |       |       |       |     9 |    13 ||    22
       Bite              |       |       |       |       |    31 ||    31
 Cast: Beastly Appendage |    12 |     8 |       |       |       ||    20
       Sticks to Snakes  |     3 |     7 |     8 |     6 |     6 ||    30
       Ice Form          |       |     4 |    15 |    38 |     5 ||    62
       Ozocubu's Armour  |       |       |       |    12 |    29 ||    41
       Blade Hands       |       |       |       |     7 |    62 ||    69
       Mephitic Cloud    |       |       |       |       |    17 ||    17
Invok: Bend Time         |       |       |       |     1 |       ||     1
       Temporal Distorti |       |       |       |       |     2 ||     2
       Slouch            |       |       |       |       |     1 ||     1
 Abil: Breathe Acid      |       |       |     4 |    13 |     9 ||    26
       End Transformatio |       |       |       |     1 |       ||     1
Evoke: Wand              |       |       |       |     1 |     3 ||     4
  Use: Scroll            |     7 |     5 |     3 |    13 |     7 ||    35
       Potion            |       |     2 |     1 |    14 |     1 ||    18
 Stab: Distracted        |     1 |       |       |     1 |     1 ||     3
       Invisible         |       |       |     4 |     5 |       ||     9
       Sleeping          |       |       |       |     1 |     2 ||     3
       Confused          |       |       |       |       |    10 ||    10
  Eat: Chunk             |     3 |     9 |     9 |    11 |    16 ||    48
       Ration            |       |     1 |     3 |     3 |     4 ||    11
Armor: Skin              |    72 |    47 |    73 |   249 |   178 ||   619
Dodge: Dodged            |   132 |   107 |   126 |   399 |   356 ||  1120
Block: Other             |       |    11 |    20 |    50 |    21 ||   102
       Reflection        |       |     1 |       |     3 |     1 ||     5

Inventory:

Hand Weapons
 A - the +1 whip "Ergh" (melded) {freeze, rN++ Int+3 Dex-2}

   It has been specially enchanted to freeze those struck by it, causing extra
   injury to most foes and up to half again as much damage against particularly
   susceptible opponents.
   It can also slow down cold-blooded creatures.
   It affects your intelligence (+3).
   It affects your dexterity (-2).
   It greatly protects you from negative energy.
 L - the +7 glaive "Ohig" {antimagic, rElec rPois Int+2, unknown}

   It reduces the magical energy of the wielder, and disrupts the spells and
   magical abilities of those hit.
   Natural abilities and divine invocations are not affected.
   It affects your intelligence (+2).
   It insulates you from electricity.
   It protects you from poison.
Missiles
 a - 474 arrows
 H - 2 throwing nets (quivered)
Armour
 b - a +2 pair of gloves (melded)
 l - a scarf of cloud immunity
 s - the +0 pair of boots "Febem" (worn) {rCorr Str+7 Int+3 Dex-4}

   It affects your strength (+7).
   It affects your intelligence (+3).
   It affects your dexterity (-4).
   It provides partial protection from all sources of acid and corrosion.
 E - a +2 cloak (worn)
Magical Staves
 J - an uncursed staff of summoning {unknown}
Jewellery
 g - a +5 ring of protection (left scythe-like blade)
 k - a +2 amulet of reflection (around neck)
 r - a ring of wizardry (right scythe-like blade)
 B - an uncursed ring of resist corrosion
 G - the ring "Fiegriof" {rElec SInv Stlth+}

   [ring of see invisible]

   It insulates you from electricity.
   It lets you see invisible.
   It makes you more stealthy.
 I - the ring "Naet" {rC+ MR+ Dex+2}

   [ring of protection from magic]

   It affects your dexterity (+2).
   It protects you from cold.
   It affects your resistance to hostile enchantments.
Wands
 v - a wand of acid (7)
 x - a wand of flame (28)
 F - a wand of polymorph (33)
 K - a wand of enslavement (6)
 P - a wand of paralysis (10)
Scrolls
 f - 2 scrolls of fog
 m - 3 scrolls of immolation
 n - 13 scrolls of remove curse
 o - 6 scrolls of amnesia
 t - 2 scrolls of teleportation
 y - a scroll of magic mapping
 M - a scroll of silence
 N - a scroll of fear
 O - a scroll of enchant armour
Potions
 d - 2 potions of magic
 h - a potion of brilliance
 i - 2 potions of ambrosia
 j - 2 potions of agility
 p - 3 potions of degeneration
 q - a potion of heal wounds
 u - 2 potions of lignification {unknown}
 w - 7 potions of curing
 z - 6 potions of flight
 C - a potion of mutation
 D - a potion of experience {unknown}
Comestibles
 c - 9 chunks of flesh
 e - 16 rations


You were on level 13 of the Dungeon.
You worshipped Cheibriados.
Cheibriados was exalted by your worship.
You were not hungry.
You had blades for hands.
You visited 3 branches of the dungeon, and saw 20 of its levels.
You also visited: Sewer, Bailey and Ice Cave.

You collected 2033 gold pieces.
You spent 76 gold pieces at shops.

Dungeon Overview and Level Annotations

Branches:
Dungeon (13/15)            Temple (1/1) D:7            Lair (6/6) D:9
 Shoals (0/4) Lair:2        Snake (0/4) Lair:2        Slime (0/5) Lair:5
    Orc (0/2) D:9
 Vaults: D:13-14

Altars:
Ashenzari
Cheibriados
Dithmenos
Elyvilon
Fedhas
Gozag
Hepliaklqana
Kikubaaqudgha
Makhleb
Nemelex Xobeh
Okawaru
Qazlal
Ru
Sif Muna
Trog
Uskayaw
Vehumet
Wu Jian
Xom
Yredelemnul
Zin
The Shining One
Jiyva

Shops:
D:9 ([   D:10 : D:11

} #..# #.#
#..# #..#
###.# #..#
#..# #...#
#..# #..#
...# #..#
#..# #..#
#..# #..#
## #..#
#.(#
...#..#
#c.# #.(#
)..#..####
#.)####)(#
...#......
#(@.()...#
...#......
#....)).(#
......#
#.......(#
......#
#..####..#
......#
#..# #..#
......#
#..# #..#
..(...#
#..# #..#
......#
#..# ..#
......#
#..


You could see a centaur warrior.

Notes
Turn   | Place    | Note
-------+----------+-------------------------------------------
     0 | D:1      | theanonym the Draconian Transmuter began the quest for the
                  | Orb.
     0 | D:1      | Reached XP level 1. HP: 16/16 MP: 3/3
   110 | D:1      | Reached XP level 2. HP: 13/23 MP: 3/5
   117 | D:1      | HP: 11/23 [giant cockroach (2)]
   122 | D:1      | HP: 8/23 [rat (1)]
   131 | D:1      | Learned a level 2 spell: Sticks to Snakes
   687 | D:2      | Reached XP level 3. HP: 28/28 MP: 4/6
   890 | D:2      | Reached skill level 3 in Transmutations
  1568 | D:3      | Reached skill level 4 in Unarmed Combat
  1646 | D:3      | Reached XP level 4. HP: 35/35 MP: 7/7
  1683 | D:3      | Learned a level 4 spell: Ice Form
  1780 | D:3      | HP: 16/35 [orc/+0 club (3)]
  1785 | D:2      | HP: 15/35 [orc/+0 club (1)]
  2056 | D:3      | Reached skill level 1 in Ice Magic
  2056 | D:3      | Reached XP level 5. HP: 39/40 MP: 6/8
  2771 | D:4      | HP: 13/40 [scorpion (8)]
  2772 | D:4      | Reached skill level 4 in Transmutations
  2992 | D:4      | Reached skill level 2 in Ice Magic
  3137 | D:4      | Reached XP level 6. HP: 44/47 MP: 2/9
  3387 | D:4      | Reached skill level 3 in Ice Magic
  3465 | D:4      | Reached skill level 5 in Unarmed Combat
  3539 | D:4      | HP: 28/56 [orc/+0 trident (5)]
  3755 | D:4      | HP: 26/56 [gnoll/+0 spear (9)]
  3762 | D:4      | HP: 23/56 [gnoll/+0 spear (3)]
  4059 | D:5      | Entered Level 5 of the Dungeon
  4122 | D:5      | Got a warped war axe
  4140 | D:5      | Found a glowing drain.
  4158 | Sewer    | Entered a sewer
  4228 | Sewer    | Reached skill level 4 in Ice Magic
  4228 | Sewer    | Your scales start taking on a golden yellow colour.
  4228 | Sewer    | Reached XP level 7. HP: 49/52 MP: 5/10
  4228 | Sewer    | Gained mutation: You are resistant to acid. (rCorr) [Yellow
                  | Draconian growth]
  4250 | Sewer    | Found a white marble altar of Elyvilon.
  4300 | D:5      | Found an ancient bone altar of Kikubaaqudgha.
  4338 | D:5      | Found an ancient bone altar of Kikubaaqudgha.
  4350 | D:5      | Reached skill level 5 in Transmutations
  4352 | D:5      | HP: 21/62 [orc wizard/puff of flame (18)]
  4590 | D:5      | Found a radiant altar of Vehumet.
  4656 | D:5      | Reached skill level 5 in Ice Magic
  4940 | D:5      | Reached skill level 6 in Unarmed Combat
  4940 | D:5      | Reached XP level 8. HP: 47/59 MP: 6/11
  5439 | D:5      | Identified the cursed +3 war axe "Fyppuhaw" {chop, Dex+4}
                  | (You found it on level 5 of the Dungeon)
  5538 | D:6      | Reached skill level 6 in Transmutations
  5730 | D:6      | Noticed Grinder
  5730 | D:6      | Paralysed by Grinder for 4 turns
  5757 | D:6      | Killed Grinder
  5757 | D:6      | Reached skill level 7 in Unarmed Combat
  5944 | D:6      | Noticed Edmund
  5959 | D:6      | Killed Edmund
  6003 | D:6      | Noticed Sigmund
  6011 | D:6      | Killed Sigmund
  6011 | D:6      | Reached skill level 7 in Transmutations
  6489 | D:6      | HP: 34/70 [wight/cursed +5 flail (6)]
  6494 | D:6      | Reached skill level 8 in Unarmed Combat
  6495 | D:6      | Reached XP level 9. HP: 35/64 MP: 3/12
  6496 | D:6      | HP: 35/76 [poisoned by a wight]
  6504 | D:6      | HP: 34/76 [poisoned by a wight]
  6799 | D:6      | Identified a scroll of acquirement
  6800 | D:6      | Got a brightly glowing amethyst amulet
  6916 | D:6      | Noticed Pikel
  6937 | D:6      | Killed Pikel
  6937 | D:6      | Reached skill level 8 in Transmutations
  7020 | D:6      | Learned a level 5 spell: Blade Hands
  7211 | D:6      | Got a polished whip
  7265 | D:7      | Reached skill level 9 in Unarmed Combat
  7376 | D:7      | Found a staircase to the Ecumenical Temple.
  7381 | Temple   | Entered the Ecumenical Temple
  7509 | Temple   | Became a worshipper of Cheibriados the Contemplative
  7661 | D:7      | Reached skill level 9 in Transmutations
  7812 | D:7      | Found a glowing golden altar of the Shining One.
  8121 | D:7      | Found a basalt altar of Yredelemnul.
  8136 | D:7      | Found a runed translucent door.
  8138 | D:7      | Noticed Ijustatesigmund's ghost (novice OpFi)
  8336 | D:7      | Reached skill level 2 in Fighting
  8346 | D:7      | Reached * piety under Cheibriados
  8617 | D:7      | HP: 37/81 [Ijustatesigmund's ghost (5)]
  8619 | D:7      | Killed Ijustatesigmund's ghost
  8619 | D:7      | Reached skill level 3 in Fighting
  8619 | D:7      | Reached XP level 10. HP: 41/77 MP: 9/13
  8622 | D:7      | HP: 38/92 [poisoned by Ijustatesigmund's ghost]
  8627 | D:7      | HP: 34/92 [poisoned by Ijustatesigmund's ghost]
  8633 | D:7      | HP: 32/92 [poisoned by Ijustatesigmund's ghost]
  8639 | D:7      | HP: 30/92 [poisoned by Ijustatesigmund's ghost]
  8645 | D:7      | HP: 30/92 [poisoned by Ijustatesigmund's ghost]
  8652 | D:7      | HP: 24/77 [poisoned by Ijustatesigmund's ghost]
  8657 | D:7      | HP: 24/77 [poisoned by Ijustatesigmund's ghost]
  8663 | D:7      | HP: 25/77 [poisoned by Ijustatesigmund's ghost]
  8669 | D:7      | HP: 25/77 [poisoned by Ijustatesigmund's ghost]
  8675 | D:7      | HP: 25/77 [poisoned by Ijustatesigmund's ghost]
  8974 | D:8      | Reached skill level 10 in Unarmed Combat
  9004 | D:8      | HP: 38/92 [orc warrior/+0 glaive (10)]
  9010 | D:8      | HP: 27/92 [centaur/arrow (10)]
  9013 | D:8      | HP: 7/92 [centaur (9)]
  9024 | D:8      | HP: 15/93 [kobold/+0 short sword (2)]
  9033 | D:8      | HP: 17/93 [kobold/+0 short sword (1)]
  9046 | D:8      | HP: 13/78 [kobold (4)]
  9510 | D:8      | Reached skill level 4 in Fighting
  9652 | D:8      | Reached skill level 10 in Transmutations
  9741 | D:8      | Identified the amulet "Pidda" {Harm *Drain MR++ Int+4} (You
                  | acquired it on level 6 of the Dungeon)
  9855 | D:8      | Got a pair of slimy boots
 10007 | D:9      | Reached ** piety under Cheibriados
 10025 | D:9      | Found a blossoming altar of Fedhas.
 10062 | D:9      | Found a basalt altar of Yredelemnul.
 10062 | D:9      | Found a shattered altar of Ashenzari.
 10065 | D:9      | Found a stormy altar of Qazlal.
 10172 | D:9      | Found a staircase to the Orcish Mines.
 10172 | D:9      | Found Liveibodgh's Armour Shoppe.
 10174 | D:9      | Found Heutuceu's Weapon Shoppe.
 10205 | D:9      | Bought a +0 cloak for 76 gold pieces
 10247 | D:9      | Identified the +0 pair of boots "Febem" {rCorr Str+7 Int+3
                  | Dex-4} (You found it on level 8 of the Dungeon)
 10284 | D:9      | Found a staircase to the Lair.
 10284 | D:9      | Noticed an elephant
 10299 | D:9      | Killed an elephant
 10299 | D:9      | Reached skill level 5 in Fighting
 10355 | D:9      | HP: 41/97 [basilisk (15)]
 10590 | D:9      | Found a flagged portal.
 10599 | Bailey   | Entered a bailey
 10645 | Bailey   | Found a bloodstained altar of Trog.
 10645 | Bailey   | Noticed an orc knight
 10669 | Bailey   | Noticed an orc knight
 10683 | Bailey   | Killed an orc knight
 10690 | Bailey   | Gained mutation: You are weak. (Str -2) [potion of
                  | mutation]
 10690 | Bailey   | Gained mutation: You are frail. (-10% HP) [potion of
                  | mutation]
 10690 | Bailey   | Gained mutation: You have a pair of small horns on your
                  | head. [potion of mutation]
 10693 | Bailey   | HP: 36/88 [orc warrior/+0 war axe (12)]
 10695 | Bailey   | Killed an orc knight
 10695 | Bailey   | Reached skill level 6 in Fighting
 10908 | Bailey   | Lost mutation: You are frail. (-10% HP) [potion of
                  | mutation]
 10908 | Bailey   | Lost mutation: You are weak. (Str -2) [potion of mutation]
 10908 | Bailey   | Gained mutation: You do not regenerate when monsters are
                  | visible. [potion of mutation]
 10908 | Bailey   | Gained mutation: Your mind is acute. (Int +2) [potion of
                  | mutation]
 10908 | Bailey   | Gained mutation: Your spells are a little harder to cast,
                  | but a little more powerful. [potion of mutation]
 10986 | D:9      | Noticed a two-headed ogre
 10993 | D:9      | HP: 44/99 [two-headed ogre/cursed -2 giant club (23)]
 10995 | D:9      | Killed a two-headed ogre
 10995 | D:9      | Reached skill level 11 in Unarmed Combat
 10995 | D:9      | Reached XP level 11. HP: 48/90 MP: 12/14
 11196 | D:9      | Learned a level 3 spell: Ozocubu's Armour
 11313 | D:9      | Reached skill level 1 in Charms
 11318 | D:9      | Reached *** piety under Cheibriados
 11509 | D:10     | Entered Level 10 of the Dungeon
 11641 | D:10     | Reached skill level 2 in Charms
 11745 | D:10     | Reached skill level 11 in Transmutations
 11898 | D:10     | Identified the cursed +1 whip "Ergh" {freeze, rN++ Int+3
                  | Dex-2} (You found it on level 6 of the Dungeon)
 11905 | D:10     | Noticed a two-headed ogre
 11913 | D:10     | Killed a two-headed ogre
 12034 | D:10     | Found Huopamoa's Book Boutique.
 12049 | D:10     | Reached skill level 7 in Fighting
 12049 | D:10     | Reached skill level 3 in Spellcasting
 12049 | D:10     | Reached skill level 3 in Charms
 12059 | D:10     | Reached **** piety under Cheibriados
 12636 | Lair:1   | Entered Level 1 of the Lair of Beasts
 12642 | Lair:1   | Noticed a five-headed hydra
 12650 | Lair:1   | Killed a five-headed hydra
 13042 | Lair:1   | Reached skill level 4 in Spellcasting
 13044 | Lair:1   | Reached skill level 12 in Unarmed Combat
 13094 | Lair:1   | Reached ***** piety under Cheibriados
 13266 | Lair:1   | Reached skill level 2 in Dodging
 13595 | Lair:2   | Reached skill level 8 in Fighting
 13596 | Lair:2   | Reached XP level 12. HP: 101/101 MP: 12/18
 13825 | Lair:2   | Found a frozen archway.
 13850 | IceCv    | Entered an ice cave
 14030 | IceCv    | Reached skill level 3 in Dodging
 14200 | IceCv    | Reached skill level 5 in Spellcasting
 14266 | IceCv    | Learned a level 3 spell: Mephitic Cloud
 14315 | IceCv    | Noticed an ice dragon
 14363 | IceCv    | Noticed an ice dragon
 14368 | IceCv    | Killed an ice dragon
 14373 | IceCv    | Killed an ice dragon
 14373 | IceCv    | Reached skill level 1 in Conjurations
 14373 | IceCv    | Reached skill level 1 in Air Magic
 14373 | IceCv    | Reached skill level 1 in Poison Magic
 14617 | Lair:2   | HP: 59/123 [naga/+0 war axe (3)]
 14620 | Lair:2   | Reached skill level 13 in Unarmed Combat
 14623 | Lair:2   | Reached skill level 9 in Fighting
 14623 | Lair:2   | Reached skill level 4 in Dodging
 14623 | Lair:2   | HP: 32/124 [naga/+0 war axe (11)]
 14630 | Lair:2   | HP: 33/124 [poisoned by a naga (splash of poison)]
 14640 | Lair:2   | HP: 29/104 [poisoned by a naga (splash of poison)]
 15270 | Lair:2   | Found a staircase to the Snake Pit.
 15349 | Lair:2   | Found a staircase to the Shoals.
 15618 | Lair:3   | HP: 46/104 [spiny frog (19)]
 15623 | Lair:3   | HP: 30/105 [poisoned by a spiny frog]
 15627 | Lair:3   | HP: 10/105 [wolf (5)]
 15632 | Lair:3   | HP: 22/105 [poisoned by a spiny frog]
 15633 | Lair:3   | Noticed a death yak
 15634 | Lair:3   | Noticed a six-headed hydra
 15635 | Lair:3   | Noticed a death yak
 15637 | Lair:3   | HP: 12/105 [poisoned by a spiny frog]
 15637 | Lair:3   | Noticed a death yak
 15639 | Lair:3   | Noticed a death yak
 15643 | Lair:3   | HP: 27/105 [poisoned by a spiny frog]
 15652 | Lair:3   | HP: 27/105 [poisoned by a spiny frog]
 15658 | Lair:3   | HP: 28/105 [poisoned by a spiny frog]
 15664 | Lair:3   | HP: 29/105 [poisoned by a spiny frog]
 15926 | Lair:3   | Reached ****** piety under Cheibriados
 15940 | Lair:3   | Killed a six-headed hydra
 16100 | Lair:3   | Noticed a four-headed hydra
 16107 | Lair:3   | Killed a four-headed hydra
 16113 | Lair:3   | Reached skill level 5 in Dodging
 16113 | Lair:3   | Reached XP level 13. HP: 112/112 MP: 17/20
 16881 | Lair:4   | Reached skill level 14 in Unarmed Combat
 16903 | Lair:4   | Reached skill level 10 in Fighting
 17059 | Lair:4   | Got a vibrating pewter ring
 17083 | Lair:4   | Identified the ring "Fiegriof" {rElec SInv Stlth+} (You
                  | found it on level 4 of the Lair of Beasts)
 17594 | Lair:4   | Found a runed translucent door.
 17595 | Lair:4   | Noticed Avack's ghost (journeyman DDHu)
 17974 | Lair:5   | Reached skill level 6 in Dodging
 17991 | Lair:5   | Reached skill level 1 in Invocations
 18023 | Lair:5   | Found a staircase to the Slime Pits.
 18023 | Lair:5   | Found a viscous altar of Jiyva.
 18096 | Lair:5   | Reached skill level 2 in Invocations
 18464 | Lair:4   | HP: 56/114 [basilisk (2)]
 18469 | Lair:4   | HP: 51/114 [basilisk (5)]
 18474 | Lair:4   | HP: 38/114 [poisoned by a spiny frog]
 18480 | Lair:4   | HP: 36/114 [poisoned by a spiny frog]
 18485 | Lair:4   | HP: 36/114 [poisoned by a spiny frog]
 18491 | Lair:4   | HP: 36/114 [poisoned by a spiny frog]
 18500 | Lair:4   | HP: 36/114 [poisoned by a spiny frog]
 18506 | Lair:4   | HP: 37/114 [poisoned by a spiny frog]
 18512 | Lair:4   | HP: 38/114 [poisoned by a spiny frog]
 18518 | Lair:4   | HP: 38/114 [poisoned by a spiny frog]
 18836 | Lair:5   | Reached skill level 3 in Invocations
 19371 | Lair:4   | Killed Avack's ghost
 19371 | Lair:4   | Reached skill level 15 in Unarmed Combat
 19457 | Lair:6   | Entered Level 6 of the Lair of Beasts
 19474 | Lair:6   | Reached skill level 11 in Fighting
 19833 | Lair:6   | Gained mutation: You have acidic saliva. [Yellow Draconian
                  | growth]
 19833 | Lair:6   | Reached XP level 14. HP: 105/124 MP: 16/21
 19836 | Lair:6   | Reached skill level 4 in Invocations
 19859 | Lair:6   | Reached skill level 7 in Dodging
 19885 | Lair:6   | Found a large runed translucent door.
 19886 | Lair:6   | Found a large runed translucent door.
 19891 | Lair:6   | HP: 59/124 [molten gargoyle/+0 flail (5)]
 19894 | Lair:6   | HP: 28/124 [komodo dragon (20)]
 19899 | Lair:6   | HP: 53/124 [basilisk (2)]
 19904 | Lair:6   | HP: 44/124 [basilisk (1)]
 20567 | Lair:6   | Reached skill level 5 in Invocations
 20639 | Lair:6   | HP: 74/148 [catoblepas (32)]
 21343 | Lair:6   | Got a brightly glowing glaive
 22056 | D:11     | Reached skill level 6 in Invocations
 22064 | D:11     | Reached skill level 16 in Unarmed Combat
 22104 | D:11     | Reached skill level 8 in Dodging
 22222 | D:11     | Found Vufev's Gadget Emporium.
 22507 | D:11     | Got a smoking glass ring
 22903 | D:12     | Identified the ring "Naet" {rC+ MR+ Dex+2} (You found it on
                  | level 11 of the Dungeon)
 22988 | D:12     | Learned a level 2 spell: Passwall
 23245 | D:12     | Reached skill level 12 in Fighting
 23710 | D:13     | HP: 51/126 [cyclops/large rock (33)]
 23712 | D:13     | HP: 25/126 [cyclops (26)]
 23715 | D:13     | Shot with an arrow by a centaur warrior

Vanquished Creatures
  The ghost of Avack the Sharpshooter, a journeyman DDHu of Makhleb (Lair:4)
  A fire dragon (Lair:6)
  2 ice dragons (IceCv)
  5 hydras
  A catoblepas (Lair:6)
  3 centaur warriors (D:13)
  3 two-headed ogres
  5 death yaks
  A skeletal warrior (D:11)
  The ghost of Ijustatesigmund the Cudgeler, a novice OpFi of Cheibriados (D:7)
  A lindwurm (Lair:6)
  2 orc knights (Bailey)
  Pikel (D:6)
  2 deep elf magi (D:13)
  2 oklob plants (Lair:4)
  2 ugly things
  5 cyclopes
  2 manticores
  11 elephants
  A merfolk siren (Lair:2)
  2 ice statues (IceCv)
  6 black mambas
  2 gargoyles
  3 molten gargoyles (Lair:6)
  19 spiny frogs
  4 rime drakes
  A kobold demonologist (D:10)
  10 komodo dragons
  A polar bear (Lair:4)
  4 trolls
  A hornet (D:11)
  9 blink frogs
  14 hippogriffs
  Grinder (D:6)
  A meliai zombie (D:10)
  Sigmund (D:6)
  2 shadows
  A wraith (D:12)
  16 wyverns
  40 yaks
  8 basilisks
  A steam dragon (Lair:6)
  2 hungry ghosts (D:7)
  Edmund (D:6)
  4 nagas (Lair:2)
  An acid dragon (D:11)
  4 hell hounds (Lair:6)
  19 water moccasins
  8 porcupines
  A slave (D:6)
  An eye of draining (D:11)
  3 sky beasts
  28 ice beasts
  9 orc warriors
  A black bear (D:11)
  2 phantoms (D:12)
  3 necrophages
  8 ogres
  3 wolves (Lair:3)
  16 centaurs
  8 crocodiles
  3 big kobolds
  14 bullfrogs
  5 scorpions
  6 killer bees (D:10)
  10 wights
  2 electric eels
  3 jellies
  5 howler monkeys
  7 crimson imps
  A bullfrog zombie (D:11)
  5 lava snakes (Lair:6)
  7 hounds
  A gnoll shaman (D:4)
  7 orc priests
  10 orc wizards
  5 bullfrog skeletons
  6 centaur skeletons
  An iron imp (D:7)
  3 iguanas
  A statue (D:5)
  8 worker ants
  A killer bee zombie (D:9)
  A hound zombie (D:8)
  3 mummies (D:9)
  A worker ant zombie (D:10)
  5 gnolls
  14 adders
  2 river rats
  3 shadow imps
  3 adder zombies
  An adder skeleton (D:3)
  2 worms
  2 dart slugs
  6 leopard geckos
  53 orcs
  3 ball pythons
  4 giant cockroaches
  12 goblins
  11 hobgoblins
  7 jackals
  2 quokkas
  A ball python zombie (D:5)
  8 bats
  4 frilled lizards
  A goblin skeleton (D:7)
  A hobgoblin zombie (D:7)
  21 kobolds
  A kobold skeleton (D:7)
  A kobold zombie (D:7)
  3 orc zombies (D:7)
  A quokka skeleton (D:7)
  10 rats
  A bush (Lair:5)
  2 plants
622 creatures vanquished.

Vanquished Creatures (collateral kills)
  2 wolves (Lair:3)
  A scorpion (D:4)
  A worm (D:2)
  2 leopard geckos (D:2)
  2 jackals (D:4)
  A frilled lizard (D:2)
9 creatures vanquished.

Vanquished Creatures (others)
  A kobold (Bailey)
  2 bushes (Lair:5)
  21 fungi
  46 plants
70 creatures vanquished.

Grand Total: 701 creatures vanquished

Table legend:
 A = Turns spent in this place as a percentage of turns spent in the entire game.
 B = Non-inter-level travel turns spent in this place as a percentage of non-inter-level travel turns spent in the entire game.
 C = Inter-level travel turns spent in this place as a percentage of turns spent in this place.
 D = Turns resting spent in this place as a percentage of non-inter-level travel turns spent in this place.
 E = Turns spent auto-exploring this place as a percentage of non-inter-level travel turns spent in this place.
 F = Non-inter-level travel turns spent in this place divided by the number of levels of this place that you've seen.
                   A       B       C       D       E      F
               +-------+-------+-------+-------+-------+----------------------
         Total | 100.0 | 100.0 |   4.5 |  35.9 |  46.3 | 984.5
       Dungeon |  59.9 |  59.9 |   4.5 |  35.8 |  46.6 | 1042.6
        Temple |   0.6 |   0.3 |  47.9 |   0.0 |  93.2 |  74.0
          Lair |  34.4 |  34.4 |   4.4 |  35.3 |  48.4 | 1299.2
         Sewer |   0.6 |   0.6 |   0.0 |   0.0 |  73.0 | 137.0
        Bailey |   1.6 |   1.7 |   0.0 |  54.0 |  12.5 | 376.0
      Ice Cave |   3.0 |   3.1 |   0.0 |  44.3 |  23.8 | 707.0
               +-------+-------+-------+-------+-------+----------------------
